 Dungeon Crawl Stone Soup version 0.28-a0-773-g130ae17fe5 (webtiles) character file.

Game seed: 8816467535569276004

0 meatgazer the Skirmisher (level 1, -17/18 HPs)
             Began as a Demonspawn Abyssal Knight on Nov 1, 2021.
             Was a Follower of Lugonu.
             Demolished by a small abomination (19 damage)
             ... on level 1 of the Abyss.
             The game lasted 00:00:24 (92 turns).

meatgazer the Skirmisher (Demonspawn Abyssal Knight)  Turns: 92, Time: 00:00:26

Health: -17/18     AC:  3    Str: 13    XL:     1   Next: 0%
Magic:  2/2        EV: 11    Int: 11    God:    Lugonu [*.....]
Gold:   8          SH:  0    Dex: 13    Spells: 0/0 levels left

rFire   . . .      SeeInvis .   a - +1 spear
rCold   . . .      Faith    .   (no shield)
rNeg    . . .      Spirit   .   b - +0 leather armour
rPois   .          Reflect  .   (no helmet)
rElec   .          Harm     .   (no cloak)
rCorr   .          Rampage  .   (no gloves)
Will    .....                   (no boots)
Stlth   +.........              (no amulet)
HPRegen 0.06/turn               (no ring)
MPRegen 0.08/turn               (no ring)

@: very slightly contaminated, invisible, very slow
A: no striking features
a: Renounce Religion, Depart the Abyss


You were on level 1 of the Abyss.
You worshipped Lugonu.
Lugonu was aware of your devotion.
You visited 0 branches of the dungeon, and saw 0 of its levels.
You visited the Abyss 1 time.

You collected 8 gold pieces.

Inventory:

Hand Weapons
 a - a +1 spear (weapon)
Armour
 b - a +0 leather armour (worn)


   Skills:
 + Level 3.0 Fighting
 + Level 1.7 Polearms
 + Level 1.7 Armour
 + Level 0.8 Dodging
 + Level 2.4 Invocations


You couldn't memorise any spells.
You didn't know any spells.
Your spell library was empty.

Dungeon Overview and Level Annotations

Branches:
Dungeon (0/15)

Altars:


Message History

Found a gateway leading out of the Abyss.
You now have 8 gold pieces.
Found a chain mail.
A tentacled starspawn materialises.
Tentacles burst from the starspawn's body! 2 starspawn tentacles come into view.
A neqoxec comes into view.
A small abomination comes into view.
A dire elephant zombie comes into view.
A chaos spawn comes into view.
A small abomination comes into view.
You enter the shallow water.
Moving in this stuff is going to be slow.
The chaos spawn bleats!
The chaos spawn hits you. The chaos spawn hits you!
Ouch! That really hurt!
* * * LOW HITPOINT WARNING * * *
You fade into invisibility!
You are very lightly contaminated with residual magic.
Why would you want to do that? Why would you want to do that?
Why would you want to do that? Why would you want to do that?
Why would you want to do that? Why would you want to do that?
Why would you want to do that? Why would you want to do that?
Why would you want to do that? Why would you want to do that?
Why would you want to do that? Why would you want to do that?
Why would you want to do that? Why would you want to do that?
Why would you want to do that? Why would you want to do that?
Why would you want to do that? Why would you want to do that?
The chaos spawn closely misses you. The small abomination hits you!!
Ouch! That really hurt!
You die...

. .# # ##.#.
.####.
#...##..#..≈
##....#.≈≈≈≈≈
#...≈≈≈≈≈≈≈≈≈
###≈≈≈≈≈≈≈≈≈≈≈≈
#♣≈≈≈≈≈@≈≈≈≈≈≈≈≈
≈≈≈≈≈≈4x≈≈≈≈≈≈≈≈
≈≈≈≈≈≈≈≈≈≈≈≈≈♣≈≈
≈≈≈≈≈≈≈≈≈≈≈≈≈≈≈≈
≈≈♣≈≈≈≈≈≈≈≈≈≈≈≈≈≈
...##...Z.####..#
#.# ##....## #..#
## .#.#.##.# ..#
#..... .##..#


You could see a chaos spawn, a small abomination and a dire elephant zombie.

Vanquished Creatures (others)
  2 starspawn tentacles (Abyss:1)
2 creatures vanquished.

Notes
Turn   | Place    | Note
-------+----------+-------------------------------------------
     0 | Abyss:1  | meatgazer the Demonspawn Abyssal Knight began the quest for
                  | the Orb.
     0 | Abyss:1  | Reached XP level 1. HP: 18/18 MP: 2/2
    43 | Abyss:1  | Noticed a tentacled starspawn
    54 | Abyss:1  | Noticed a neqoxec
    54 | Abyss:1  | Noticed a small abomination
    64 | Abyss:1  | Noticed a dire elephant zombie
    85 | Abyss:1  | Noticed a chaos spawn
    86 | Abyss:1  | Noticed a small abomination
    92 | Abyss:1  | Demolished by a small abomination

Illustrated notes

Levels and vault maps discovered:
Abyss:1:  base: Temple, base:
Temple

Action                   || total
-------------------------++-------
Dodge: Dodged            ||     1

Table legend: (Time is in decaauts)
 A = Elapsed time spent in this place.
 B = Non-inter-level travel time spent in this place.
 C = Inter-level travel time spent in this place.
 D = Time resting spent in this place.
 E = Time spent auto-exploring this place.
 F = Levels seen in this place.
 G = Mean time per level.
                   A        B        C        D        E       F      G
               +--------+--------+--------+--------+--------+-----+--------+
         Total |     95 |     95 |      0 |      0 |     39 |   1 |   95.0 |
         Abyss |     95 |     95 |      0 |      0 |     39 |   1 |   95.0 |
               +--------+--------+--------+--------+--------+-----+--------+

Top non-repeatable levels by time:
 Abyss:1: 95 daAuts
